 Dungeon Crawl Stone Soup version 0.31-a0-152-g6aa68a64a1 (webtiles) character file.

Game seed: 14986690015635624947

2326 qw the Skirmisher (level 9, 0/82 HPs)
             Began as a Naga Hunter on June 9, 2023.
             Was a Follower of Okawaru.
             Slain by a gnoll
             ... wielding a +0 spear
             ... led by a gnoll sergeant
              (3 damage)
             ... on level 7 of the Dungeon.
             The game lasted 00:02:23 (5691 turns).

qw the Skirmisher (Naga Hunter)                     Turns: 5691, Time: 00:02:23

Health: 0/82       AC:  5    Str: 19    XL:     9   Next: 42%
Magic:  11/12      EV: 14    Int:  9    God:    Okawaru [*.....]
Gold:   276        SH:  5    Dex: 20    Spells: 8/8 levels left

rFire   . . .        Y - +0 orcbow
rCold   . . .        (shield currently unavailable)
rNeg    . . .        c - +0 leather armour
rPois   +            (no helmet)
rElec   .            (no cloak)
rCorr   .            (no gloves)
SInv    +            (no barding)
Will    +....        h - amulet of reflection
Stlth   +++          l - +6 ring of strength
HPRegen 0.33/turn    (no ring)
MPRegen 0.13/turn

%: reflection
@: about to teleport, short of breath, heroic, very slow
A: AC +3, large, see invisible, deformed body, poison resistance, slowness 2,
spit poison 1, naga tail 1
a: Spit Poison, Renounce Religion, Heroism


You were on level 7 of the Dungeon.
You worshipped Okawaru.
Okawaru was aware of your devotion.
You visited 1 branch of the dungeon, and saw 7 of its levels.

You collected 276 gold pieces.


Innate Abilities, Weirdness & Mutations

Your serpentine skin is tough. (AC +3)
You have supernaturally acute eyesight. (SInv)
Armour fits poorly on your strangely shaped body.
Your system is resistant to poisons. (rPois)
You cover ground very slowly.
You can spit poison.
You have a snake-like lower body.


   Skills:
 - Level 6.0(11.0) Fighting
 + Level 9.5(14.5) Ranged Weapons
 - Level 3.1(8.1) Dodging
 - Level 1.5(6.5) Stealth
 - Level 4.1 Invocations


You had 8 spell levels left.
You didn't know any spells.
Your spell library was empty.

Inventory:

Hand Weapons
 j - a +7 shortbow of flaming
 Y - a +0 orcbow (weapon)
Armour
 c - a +0 leather armour (worn)
Jewellery
 g - the amulet of Vaseud {Faith Fragile Int+2 SInv}
   (You found it on level 5 of the Dungeon)

   [amulet of faith]

   It allows you to gain divine favour quickly.
   Int:       It affects your intelligence (+2).
   SInv:      It lets you see invisible.
   Fragile:   It will be destroyed if unequipped.
 h - an amulet of reflection (around neck)
 l - a +6 ring of strength (left hand)
Scrolls
 a - a scroll of identify
 b - 3 scrolls of enchant armour
 e - 3 scrolls of teleportation
Potions
 d - a potion of heal wounds
 f - 4 potions of curing
 i - a potion of resistance
 k - a potion of mutation
 m - a potion of lignification {unknown}
 n - a potion of magic {unknown}

Dungeon Overview and Level Annotations

Branches:
Dungeon (7/15)             Temple (0/1) D:6

Altars:
Ashenzari
Cheibriados
Elyvilon
Fedhas
Gozag
Makhleb
Nemelex Xobeh
Okawaru
Qazlal
Sif Muna
Uskayaw
Vehumet
Wu Jian
The Shining One


Message History

The splash of poison hits the gnoll!
The gnoll is almost dead.
The gnoll sergeant closely misses you.
The gnoll hits you from afar with a +0 spear.
You block the gnoll's attack.
You shoot an arrow.
The arrow hits the gnoll but does no damage.
The gnoll is almost dead.
The gnoll sergeant hits you but does no damage.
The gnoll hits you but does no damage. The gnoll closely misses you. x2
You shoot an arrow. The arrow hits the gnoll!
You kill the gnoll!
Okawaru accepts your kill.
The gnoll sergeant hits you from afar with a +0 spear.
The gnoll hits you with a +0 club.
The gnoll hits you from afar with a +0 spear.
You shoot an arrow. The arrow closely misses the gnoll.
The gnoll sergeant closely misses you. The gnoll hits you with a +0 club.
The gnoll closely misses you.
You shoot an arrow. The arrow hits the gnoll!
The gnoll is severely wounded.
You have got your breath back.
5689 ||| INVOKING Spit Poison.
Aiming: Spit Poison (1% risk of failure)
Press: ? - help, Shift-Dir - straight line, f/p - gnoll The splash of poison hits the gnoll!
The gnoll is poisoned.
You kill the gnoll!
Okawaru accepts your kill.
The gnoll sergeant hits you from afar with a +0 spear.
The gnoll hits you from afar with a +0 spear.
You shoot an arrow. The arrow hits the gnoll sergeant.
The gnoll sergeant is moderately wounded.
The gnoll sergeant hits you from afar with a +0 spear!
The gnoll hits you from afar with a +0 spear.
5691 ||| READING 4 scrolls of teleportation.
As you read the scroll of teleportation, it crumbles to dust.
You feel strangely unstable.
The gnoll sergeant hits you from afar with a +0 spear!
The gnoll hits you from afar with a +0 spear.
You die...

### ...
#####.#####
.....g)@..#
.....g))..######.#
....).....'.......
....).....########
..).......#
..........####+##
.########..)....#
...........)..#
#######.......#


You could see a gnoll sergeant and a gnoll.

Vanquished Creatures
  A wyvern (D:6)
  Duvessa (D:4)
  A water moccasin (D:7)
  A sky beast (D:6)
  3 centaurs
  3 bullfrogs (D:6)
  8 scorpions
  3 wights (D:5)
  Dowan (D:4)
  2 howler monkeys
  A jelly (D:5)
  3 orc priests
  2 hounds (D:5)
  A sleepcap (D:5)
  Natasha (D:3)
  7 orc wizards
  3 gnolls (D:7)
  10 adders
  3 white imps
  A worm (D:2)
  6 dart slugs
  19 orcs
  6 bats
  7 endoplasms
  9 giant cockroaches
  10 goblins
  9 hobgoblins
  7 jackals (D:2)
  3 quokkas
  12 ball pythons
  9 frilled lizards
  3 kobolds
  8 rats
164 creatures vanquished.

Notes
Turn   | Place    | Note
-------+----------+-------------------------------------------
     0 | D:1      | qw the Naga Hunter began the quest for the Orb.
     0 | D:1      | Reached XP level 1. HP: 19/19 MP: 1/1
     0 | D:1      | 0 ||| qw: Version: 0.2-a-122-gbc61b45
     0 | D:1      | 0 ||| qw: Game counter: 3436
     0 | D:1      | 0 ||| qw: Always use a shield: true
     0 | D:1      | 0 ||| qw: God list: Okawaru
     0 | D:1      | 0 ||| qw: Allow faded altars: false
     0 | D:1      | 0 ||| qw: Do Orc after D:15 true
     0 | D:1      | 0 ||| qw: Do second Lair branch before Depths: true
     0 | D:1      | 0 ||| qw: Lair rune preference: random
     0 | D:1      | 0 ||| qw: Plans: Normal
     0 | D:1      | 0 ||| PLANNING D:1-11
    69 | D:1      | 69 ||| INVOKING Spit Poison.
   100 | D:1      | 100 ||| INVOKING Spit Poison.
   121 | D:1      | 121 ||| INVOKING Spit Poison.
   136 | D:1      | 136 ||| INVOKING Spit Poison.
   137 | D:1      | Reached skill level 4 in Ranged Weapons
   137 | D:1      | Reached XP level 2. HP: 26/26 MP: 2/2
   142 | D:1      | 142 ||| INVOKING Spit Poison.
   148 | D:1      | 148 ||| INVOKING Spit Poison.
   175 | D:1      | 175 ||| INVOKING Spit Poison.
   181 | D:1      | 181 ||| INVOKING Spit Poison.
   185 | D:1      | 185 ||| INVOKING Spit Poison.
   193 | D:1      | 193 ||| INVOKING Spit Poison.
   243 | D:1      | 243 ||| INVOKING Spit Poison.
   257 | D:1      | 257 ||| INVOKING Spit Poison.
   301 | D:1      | 301 ||| INVOKING Spit Poison.
   336 | D:1      | 336 ||| INVOKING Spit Poison.
   340 | D:1      | Reached XP level 3. HP: 32/32 MP: 3/3
   340 | D:1      | 340 ||| INVOKING Spit Poison.
   436 | D:1      | 436 ||| INVOKING Spit Poison.
   442 | D:1      | 442 ||| INVOKING Spit Poison.
   445 | D:1      | 445 ||| INVOKING Spit Poison.
   451 | D:1      | 451 ||| INVOKING Spit Poison.
   573 | D:1      | 573 ||| INVOKING Spit Poison.
   662 | D:1      | 662 ||| DROPPING +0 robe of the Archmagi.
   663 | D:1      | 663 ||| READING 2 scrolls labelled FEAJIXO FIUD.
   664 | D:1      | 664 ||| READING 2 scrolls labelled UTUVI BIEKETAS.
   668 | D:1      | 668 ||| READING scroll labelled WERRIO BASIUFA.
   669 | D:1      | 669 ||| DRINKING 2 lumpy cyan potions.
   670 | D:1      | 670 ||| DROPPING scroll of butterflies.
   686 | D:2      | 686 ||| INVOKING Spit Poison.
   692 | D:2      | 692 ||| INVOKING Spit Poison.
   700 | D:2      | 700 ||| INVOKING Spit Poison.
   705 | D:2      | 705 ||| INVOKING Spit Poison.
   711 | D:2      | 711 ||| INVOKING Spit Poison.
   800 | D:2      | 800 ||| INVOKING Spit Poison.
   803 | D:2      | 803 ||| INVOKING Spit Poison.
   815 | D:2      | 815 ||| INVOKING Spit Poison.
   820 | D:2      | 820 ||| INVOKING Spit Poison.
   858 | D:2      | 858 ||| INVOKING Spit Poison.
   889 | D:2      | 889 ||| INVOKING Spit Poison.
   892 | D:2      | Reached skill level 5 in Ranged Weapons
   892 | D:2      | Reached XP level 4. HP: 39/39 MP: 4/4
   895 | D:2      | 895 ||| INVOKING Spit Poison.
   901 | D:2      | 901 ||| INVOKING Spit Poison.
   912 | D:2      | 912 ||| INVOKING Spit Poison.
   918 | D:2      | 918 ||| INVOKING Spit Poison.
   983 | D:2      | 983 ||| UPGRADING to amulet of reflection.
   988 | D:2      | 988 ||| READING scroll labelled OBABBE BIECWUMM.
   989 | D:2      | 989 ||| READING scroll labelled CEWKOU GAJIE.
   990 | D:2      | 990 ||| READING scroll labelled GIPAUB FECIPHEN.
   990 | D:2      | Identified a scroll of acquirement
   990 | D:2      | 990 ||| ACQUIRING +5 shortbow of draining
   990 | D:2      | Acquired a +5 shortbow of draining
   992 | D:2      | 992 ||| SWAPPING to +5 shortbow of draining.
   993 | D:2      | 993 ||| DROPPING +0 shortbow.
   994 | D:2      | 994 ||| READING 2 scrolls labelled OCRUYPH YTOL.
   995 | D:2      | 995 ||| READING scroll labelled RIKAJU XEUZO.
  1008 | D:2      | 1008 ||| INVOKING Spit Poison.
  1013 | D:2      | Reached skill level 3 in Fighting
  1014 | D:2      | 1014 ||| INVOKING Spit Poison.
  1027 | D:2      | 1027 ||| INVOKING Spit Poison.
  1046 | D:2      | 1046 ||| INVOKING Spit Poison.
  1051 | D:2      | Reached XP level 5. HP: 45/49 MP: 5/5
  1066 | D:2      | 1066 ||| INVOKING Spit Poison.
  1072 | D:2      | 1072 ||| INVOKING Spit Poison.
  1116 | D:2      | 1116 ||| INVOKING Spit Poison.
  1138 | D:2      | 1138 ||| INVOKING Spit Poison.
  1159 | D:2      | 1159 ||| INVOKING Spit Poison.
  1427 | D:3      | 1427 ||| INVOKING Spit Poison.
  1434 | D:3      | 1434 ||| INVOKING Spit Poison.
  1445 | D:3      | 1445 ||| INVOKING Spit Poison.
  1448 | D:3      | 1448 ||| INVOKING Spit Poison.
  1521 | D:3      | 1521 ||| INVOKING Spit Poison.
  1555 | D:3      | Found a faded altar of an unknown god.
  1571 | D:3      | 1571 ||| INVOKING Spit Poison.
  1635 | D:3      | Found a stormy altar of Qazlal.
  1644 | D:3      | Found an ornate altar of the Wu Jian Council.
  1663 | D:3      | 1663 ||| INVOKING Spit Poison.
  1669 | D:3      | Found an opulent altar of Gozag.
  1725 | D:3      | Found a snail-covered altar of Cheibriados.
  1725 | D:3      | Noticed Natasha
  1726 | D:3      | 1726 ||| INVOKING Spit Poison.
  1727 | D:3      | Killed Natasha
  1728 | D:3      | Reached skill level 6 in Ranged Weapons
  1728 | D:3      | Reached XP level 6. HP: 56/56 MP: 6/6
  1731 | D:3      | Found a burning altar of Makhleb.
  1733 | D:3      | Found a white marble altar of Elyvilon.
  1815 | D:3      | 1815 ||| READING scroll labelled CUTWOQANOR.
  1816 | D:3      | 1816 ||| READING 3 scrolls of identify.
  1816 | D:3      | 1816 ||| IDENTIFYING orange potion
  1829 | D:4      | 1829 ||| PLANNING SEWER
  1836 | D:4      | 1836 ||| INVOKING Spit Poison.
  1838 | D:4      | 1838 ||| Stepping ~*~*~tactically~*~*~ (outnumbered).
  1839 | D:4      | 1839 ||| INVOKING Spit Poison.
  1843 | D:4      | 1843 ||| INVOKING Spit Poison.
  1853 | D:4      | Noticed Duvessa
  1855 | D:4      | 1855 ||| INVOKING Spit Poison.
  1862 | D:4      | 1862 ||| INVOKING Spit Poison.
  1865 | D:4      | HP: 13/57 [Duvessa/+0 short sword (5)]
  1866 | D:4      | 1866 ||| READING 5 scrolls of teleportation.
  1867 | D:4      | 1867 ||| DRINKING potion of heal wounds.
  1869 | D:4      | 1869 ||| INVOKING Spit Poison.
  1869 | D:4      | Killed Duvessa
  1944 | D:4      | 1944 ||| INVOKING Spit Poison.
  1945 | D:4      | 1945 ||| INVOKING Spit Poison.
  1946 | D:4      | Reached XP level 7. HP: 66/66 MP: 7/7
  1951 | D:4      | Found a blossoming altar of Fedhas.
  1954 | D:4      | Found an iron altar of Okawaru.
  1995 | D:4      | 1995 ||| INVOKING Spit Poison.
  2016 | D:4      | Noticed Dowan
  2017 | D:4      | 2017 ||| INVOKING Spit Poison.
  2020 | D:4      | 2020 ||| INVOKING Spit Poison.
  2023 | D:4      | Killed Dowan
  2093 | D:4      | Found a glowing golden altar of the Shining One.
  2150 | D:4      | Found a sparkling altar of Nemelex Xobeh.
  2212 | D:4      | Found a hide-covered altar of Uskayaw.
  2282 | D:4      | 2282 ||| INVOKING Spit Poison.
  2322 | D:4      | Found a radiant altar of Vehumet.
  2374 | D:4      | 2374 ||| RIP SEWER
  2465 | D:4      | 2465 ||| PLANNING OKAWARU WORSHIP
  2466 | D:4      | 2466 ||| INVOKING Spit Poison.
  2468 | D:4      | 2468 ||| UPGRADING to +6 ring of strength.
  2469 | D:4      | 2469 ||| READING scroll labelled YGA YT YFOTHU.
  2470 | D:4      | 2470 ||| READING scroll labelled SUMOIR CEQUOLI.
  2471 | D:4      | 2471 ||| READING scroll labelled RAFEIS TEITH.
  2472 | D:4      | 2472 ||| READING 3 scrolls of identify.
  2472 | D:4      | 2472 ||| IDENTIFYING blue potion
  2473 | D:4      | 2473 ||| READING 2 scrolls of identify.
  2473 | D:4      | 2473 ||| IDENTIFYING green potion
  2474 | D:4      | 2474 ||| DROPPING potion of ambrosia.
  2510 | D:4      | Became a worshipper of Warmaster Okawaru
  2510 | D:4      | 2510 ||| PLANNING D:1-11
  2529 | D:4      | 2529 ||| STAIRDANCE
  2533 | D:4      | 2533 ||| STAIRDANCE
  2537 | D:4      | 2537 ||| STAIRDANCE
  2541 | D:4      | 2541 ||| STAIRDANCE
  2545 | D:4      | 2545 ||| STAIRDANCE
  2549 | D:4      | 2549 ||| STAIRDANCE
  2553 | D:4      | 2553 ||| STAIRDANCE
  2557 | D:4      | 2557 ||| STAIRDANCE
  2561 | D:4      | 2561 ||| STAIRDANCE
  2565 | D:4      | 2565 ||| STAIRDANCE
  2569 | D:4      | 2569 ||| STAIRDANCE
  2573 | D:4      | 2573 ||| STAIRDANCE
  2577 | D:4      | 2577 ||| STAIRDANCE
  2581 | D:4      | 2581 ||| STAIRDANCE
  2585 | D:4      | 2585 ||| STAIRDANCE
  2589 | D:4      | 2589 ||| STAIRDANCE
  2593 | D:4      | 2593 ||| STAIRDANCE
  2597 | D:4      | 2597 ||| STAIRDANCE
  2601 | D:4      | 2601 ||| STAIRDANCE
  2605 | D:4      | 2605 ||| STAIRDANCE
  2929 | D:5      | Entered Level 5 of the Dungeon
  2974 | D:5      | Identified the amulet of Vaseud {Faith Fragile Int+2 SInv}
  3229 | D:5      | 3229 ||| INVOKING Spit Poison.
  3413 | D:5      | Reached skill level 7 in Ranged Weapons
  3418 | D:5      | HP: 11/61 [wight/+4 spear (9)]
  3419 | D:5      | 3419 ||| READING 5 scrolls of teleportation.
  3420 | D:5      | 3420 ||| DRINKING 2 potions of heal wounds.
  3561 | D:5      | 3561 ||| READING scroll of enchant weapon.
  3561 | D:5      | 3561 ||| ENCHANTING +6 shortbow of flaming.
  3600 | D:5      | 3600 ||| INVOKING Spit Poison.
  3650 | D:5      | 3650 ||| INVOKING Spit Poison.
  3651 | D:5      | Reached XP level 8. HP: 70/73 MP: 8/8
  3684 | D:5      | 3684 ||| INVOKING Spit Poison.
  3690 | D:5      | Reached skill level 8 in Ranged Weapons
  3862 | D:5      | 3862 ||| SWAPPING to +0 orcbow.
  3864 | D:5      | 3864 ||| INVOKING Spit Poison.
  3869 | D:5      | 3869 ||| INVOKING Spit Poison.
  3876 | D:5      | 3876 ||| INVOKING Spit Poison.
  3881 | D:5      | Reached * piety under Okawaru
  4046 | D:5      | 4046 ||| INVOKING Spit Poison.
  4053 | D:5      | 4053 ||| INVOKING Spit Poison.
  4077 | D:5      | Found a shimmering blue altar of Sif Muna.
  4212 | D:5      | 4212 ||| READING scroll labelled RAIKUH KUOC.
  4213 | D:5      | 4213 ||| READING scroll labelled TUTAHA YDASUP.
  4214 | D:5      | 4214 ||| READING 3 scrolls of identify.
  4214 | D:5      | 4214 ||| IDENTIFYING fuming amethyst potion
  4215 | D:5      | 4215 ||| DROPPING potion of degeneration.
  4247 | D:6      | 4247 ||| INVOKING Spit Poison.
  4270 | D:6      | 4270 ||| INVOKING Spit Poison.
  4288 | D:6      | Noticed a wyvern
  4289 | D:6      | 4289 ||| INVOKING Spit Poison.
  4295 | D:6      | 4295 ||| INVOKING Heroism.
  4296 | D:6      | 4296 ||| INVOKING Spit Poison.
  4299 | D:6      | Killed a wyvern
  4505 | D:6      | 4505 ||| INVOKING Spit Poison.
  4511 | D:6      | Reached skill level 1 in Invocations
  4576 | D:6      | Found a staircase to the Ecumenical Temple.
  4689 | D:6      | 4689 ||| INVOKING Spit Poison.
  4694 | D:6      | 4694 ||| INVOKING Spit Poison.
  4844 | D:6      | Identified the +5 dagger of the Fulmar {flame, Will+}
  4848 | D:6      | 4848 ||| INVOKING Spit Poison.
  4849 | D:6      | Reached skill level 9 in Ranged Weapons
  4855 | D:6      | Found a broken altar of Ashenzari.
  4866 | D:6      | 4866 ||| INVOKING Spit Poison.
  4928 | D:6      | 4928 ||| INVOKING Spit Poison.
  4933 | D:6      | 4933 ||| INVOKING Spit Poison.
  4937 | D:6      | Reached skill level 3 in Invocations
  4969 | D:6      | 4969 ||| INVOKING Spit Poison.
  4976 | D:6      | 4976 ||| INVOKING Spit Poison.
  4979 | D:6      | Reached XP level 9. HP: 71/81 MP: 11/11
  4979 | D:6      | 4979 ||| INVOKING Spit Poison.
  5064 | D:6      | 5064 ||| INVOKING Spit Poison.
  5066 | D:6      | Reached skill level 3 in Dodging
  5088 | D:6      | 5088 ||| INVOKING Spit Poison.
  5107 | D:6      | 5107 ||| INVOKING Spit Poison.
  5114 | D:6      | 5114 ||| INVOKING Spit Poison.
  5219 | D:6      | 5219 ||| INVOKING Spit Poison.
  5341 | D:6      | 5341 ||| READING 2 scrolls of identify.
  5341 | D:6      | 5341 ||| IDENTIFYING fizzy blue potion
  5344 | D:6      | 5344 ||| INVOKING Spit Poison.
  5351 | D:6      | 5351 ||| INVOKING Spit Poison.
  5359 | D:6      | 5359 ||| INVOKING Spit Poison.
  5363 | D:6      | 5363 ||| INVOKING Spit Poison.
  5369 | D:6      | 5369 ||| INVOKING Spit Poison.
  5371 | D:6      | Reached skill level 6 in Fighting
  5372 | D:6      | 5372 ||| INVOKING Heroism.
  5375 | D:6      | 5375 ||| INVOKING Spit Poison.
  5479 | D:6      | 5479 ||| INVOKING Spit Poison.
  5485 | D:6      | 5485 ||| INVOKING Spit Poison.
  5488 | D:6      | 5488 ||| INVOKING Spit Poison.
  5632 | D:7      | Reached ** piety under Okawaru
  5671 | D:7      | 5671 ||| INVOKING Spit Poison.
  5678 | D:7      | 5678 ||| INVOKING Spit Poison.
  5681 | D:7      | 5681 ||| INVOKING Heroism.
  5684 | D:7      | 5684 ||| INVOKING Spit Poison.
  5689 | D:7      | 5689 ||| INVOKING Spit Poison.
  5690 | D:7      | HP: 16/82 [gnoll sergeant/+0 spear (7)]
  5691 | D:7      | 5691 ||| READING 4 scrolls of teleportation.
  5691 | D:7      | HP: 3/82 [gnoll sergeant/+0 spear (9)]
  5691 | D:7      | Slain by a gnoll

Levels and vault maps discovered:
D:1:      psy_arrival_terrarium, layout_loops_ring, serial_forest,
          infiniplex_forest_lined_corner, infiniplex_forest_corner_1,
          infiniplex_forest_lined_room_, infiniplex_forest_lined_room_2,
          infiniplex_forest_lined_3, infiniplex_forest_clump_cross,
          infiniplex_forest_clump_small, chequers_mini_garden,
          minmay_statues_item
D:2:      cheibrodos_pilgrimage, layout_loops_ring, minmay_pentomino_w4
D:3:      layout_rooms, nicolae_overflow_hidden_temple,
          nicolae_overflow_ecumenical_swirl, mainiacjoe_overflow_swirl,
          uniq_natasha
D:4:      layout_cave_pods, mainiacjoe_overflow_concentric_impassable,
          okawaru_ov_weapons_minmay, mainiacjoe_overflow_catwalk,
          nemelex_xobeh_ov_fountains_minmay, lemuel_doored_altar,
          lemuel_crystal_altar, portal_sewer_entry_d, serial_column_ruins,
          column_ruins_open_small, column_ruins_grid_1, column_ruins_grid_2,
          column_ruins_open_tiny, column_ruins_columns_corner, uniq_duvessa
D:5:      layout_loops_corners, led_sif_pool, serial_glass, glass_columns_b,
          glass_columns_b
D:6:      old_forge, layout_loops_corners, ashenzari_conservatory_becter,
          minmay_temple_entry_hall
D:7:      layout_basic, nicolae_ru_awakened_eye

Skill      XL: |  1  2  3  4  5  6  7  8  9 |
---------------+----------------------------+-----
Ranged Weapons | 4 5 6 7 9 |  9.5
Fighting       | 3 4 5 6 |  6.0
Dodging        | 2 3 |  3.1
Invocations    | 3 4 |  4.1
Stealth        | |  1.5

Action                     |  1- 3 |  4- 6 |  7- 9 || total
---------------------------+-------+-------+-------++-------
   Fire: Shortbow          |    89 |    81 |    51 ||   221
         Orcbow            |       |       |   125 ||   125
 Invoke: Heroism           |       |       |     3 ||     3
Ability: Spit Poison       |    31 |    28 |    46 ||   105
    Use: Scroll            |     3 |     8 |    12 ||    23
         Potion            |     1 |     1 |     1 ||     3
 Armour: Leather armour    |    11 |     4 |    16 ||    31
  Dodge: Dodged            |    22 |     5 |    57 ||    84
  Block: Other             |       |     3 |    29 ||    32
         Reflection        |       |     1 |     4 ||     5

Table legend:
 A = Non-vault XP
 B = Vault XP
 C = Vault XP percentage of total XP
 D = Non-vault monster count
 E = Vault monster count
 F = Vault count percentage of total count
                 A         B        C        D         E       F
            +---------+---------+-------+---------+---------+-------
      Total |    2543 |     781 |  23.5 |     137 |      27 |  16.5
            +---------+---------+-------+---------+---------+-------
        D:1 |      49 |       0 |   0.0 |      31 |       0 |   0.0
        D:2 |      85 |     137 |  61.7 |      28 |      14 |  33.3
        D:3 |      20 |      35 |  63.6 |      12 |       1 |   7.7
        D:4 |     200 |     232 |  53.7 |      16 |       3 |  15.8
        D:5 |     868 |       0 |   0.0 |      23 |       0 |   0.0
        D:6 |    1088 |     377 |  25.7 |      19 |       9 |  32.1
        D:7 |     233 |       0 |   0.0 |       8 |       0 |   0.0
            +---------+---------+-------+---------+---------+-------
